AoeStats
← timmywang50301

Arena

509922801Analyzed
1v1 RM · 3d ago on Sep 28, 2026· 48m 35s· 2 players
Game mode
Random Map
Map size
Tiny (2 player)
Population
200
Speed
Normal
Resources
Standard
Victory
Conquest
Starting age
Dark Age
Ending age
Imperial Age
RankedLock teamsTeams togetherTeam positionsShared explorationLock speedFull tech treeHidden civsTurbo modeCheats
Victory
Defeat
🇹🇼 Inca · Taiwan
881
+18
🇪🇸 Spanish · Spain
917
-18
timmywang50301
11:24 Feudal Age
12:49 Double-Bit Axe
13:19 Horse Collar
16:11 Castle Age
17:21 Scale Mail Armor
16:42 Champi Runner
17:49 Bow Saw
20:27 Stone Mining
22:36 Gold Mining
23:27 Loom
24:41 Squires
24:03 Champi Warrior
28:18 Chain Mail Armor
28:13 Forging
36:08 Imperial Age
34:20 Pikeman
34:46 Arson
35:38 Iron Casting
34:55 Fletching
36:14 Heavy Plow
37:12 Conscription
39:35 Plate Mail Armor
39:14 Elite Champi Warrior
42:05 Crop Rotation
41:45 Thumb Ring
43:04 Gold Shaft Mining
41:58 Halberdier
43:43 Blast Furnace
42:39 Bodkin Arrow
42:44 Padded Archer Armor
44:48 Stone Shaft Mining
45:29 Hoardings
45:52 Wheelbarrow
48:06 Bracer
48:22 Leather Archer Armor
48:22 Fabric Shields
tinuss
10:52 Feudal Age
11:31 Double-Bit Axe
16:08 Castle Age
13:56 Loom
15:55 Stone Mining
17:38 Gold Mining
19:05 Bow Saw
21:41 Wheelbarrow
21:52 Fletching
23:29 Bodkin Arrow
23:43 Scale Barding Armor
24:45 Forging
27:52 Chain Barding Armor
28:23 Padded Archer Armor
34:09 Imperial Age
32:59 Bloodlines
33:26 Iron Casting
34:21 Hand Cart
34:30 Horse Collar
37:08 Two-Man Saw
42:03 Chemistry
43:54 Cavalier
44:37 Bracer
45:14 Plate Barding Armor
44:56 Leather Archer Armor
46:21 Elite Skirmisher
Connection lost

Rejoining the realm…

Still unreachable

The connection could not be restored.

Session expired

The server has moved on; the page needs a fresh start.